 Dungeon Crawl Stone Soup version 0.27.1-3-gb3d3a73c9e (webtiles) character file.

Game seed: 10285759623297791798

107 ABBCCCDDDD the Grasshopper (level 4, -3/38 HPs)
             Began as a Gnoll Warper on Oct 15, 2021.
             Was an Initiate of Ashenzari.
             Slain by a water moccasin (8 damage)
             ... in a sewer.
             The game lasted 00:05:18 (2639 turns).

ABBCCCDDDD the Grasshopper (Gnoll Warper)           Turns: 2639, Time: 00:05:20

Health: -3/38      AC:  6    Str: 11    XL:     4   Next: 86%
Magic:  20/20      EV: 10    Int: 13    God:    Ashenzari [......]
Gold:   47         SH:  0    Dex: 11    Spells: 11/13 levels left

rFire    . . .     SeeInvis .   o - +1 falchion (elec)
rCold    . . .     Faith    .   (no shield)
rNeg     . . .     Spirit   .   h - +0 scale mail
rPois    .         Reflect  .   (no helmet)
rElec    .         Harm     .   f - scarf "Adversity of Ashenzari" {repulsion, Bglg, Evo} (curse)
rCorr    .         Rampage  .   (no gloves)
Will     .....                  (no boots)
Stlth    ..........             (no amulet)
HPRegen  0.12/turn              e - ring of magical power
MPRegen  0.17/turn              (no ring)

@: lethally poisoned (-3 -> -11), hasted, repel missiles, very quick
A: fangs 1, strong nose, distributed training
a: Renounce Religion, Curse Item, Shatter the Chains


You were in a sewer.
You worshipped Ashenzari.
Ashenzari was noncommittal.
You visited 1 branch of the dungeon, and saw 3 of its levels.
You also visited: Sewer.

You collected 47 gold pieces.

Inventory:

Hand Weapons
 a - a +0 mace
 j - a +0 spear
 n - the +2 broad axe "Arcanum" {freeze, Int+4 Dex+2}
   (You took it off a gnoll on level 3 of the Dungeon)

   It freezes those it strikes, dealing additional cold damage.
   It can also slow down cold-blooded creatures.
   Int:       It affects your intelligence (+4).
   Dex:       It affects your dexterity (+2).
 o - a +1 falchion of electrocution (weapon)
Missiles
 d - 5 boomerangs of dispersal
 m - 3 javelins (quivered)
Armour
 b - a +0 leather armour
 f - the cursed scarf "Adversity of Ashenzari" (worn) {repulsion, Bglg, Evo}
   (You found it on level 1 of the Dungeon)

   It has a curse which improves the following skills: Beguiling: Conjurations,
   Hexes and Translocations.
   Evocations: Evocations.
 h - a +0 scale mail (worn)
Jewellery
 e - a ring of magical power (left hand)
Scrolls
 i - a scroll of teleportation
Potions
 g - 2 potions of haste
 k - a potion of might
 l - a potion of flight


   Skills:
 + Level 4.7 Fighting
 + Level 1.2 Short Blades
 + Level 1.2 Long Blades
 + Level 1.2 Axes
 + Level 4.7 Maces & Flails
 + Level 1.2 Polearms
 + Level 1.2 Staves
 + Level 1.2 Slings
 + Level 1.2 Bows
 + Level 1.2 Crossbows
 + Level 2.8 Throwing
 + Level 2.8 Armour
 + Level 4.7 Dodging
 + Level 1.2 Stealth
 + Level 1.2 Shields
 + Level 1.2 Unarmed Combat
 + Level 5.1 Spellcasting
 + Level 1.0(1.3) Conjurations
 + Level 1.0(1.3) Hexes
 + Level 1.0 Summonings
 + Level 1.0 Necromancy
 + Level 5.5(6.0) Translocations
 + Level 1.0 Transmutations
 + Level 1.0 Fire Magic
 + Level 1.0 Ice Magic
 + Level 1.0 Air Magic
 + Level 1.0 Earth Magic
 + Level 1.0 Poison Magic
 + Level 1.4 Invocations
 + Level 1.2(1.6) Evocations


You had 11 spell levels left.
You knew the following spells:

 Your Spells              Type           Power      Damage    Failure   Level
a - Blink                 Tloc           N/A        N/A       13%         2

Your spell library contained the following spells:

 Spells                   Type           Power      Damage    Failure   Level
 Gell's Gravitas          Tloc           9%         N/A       26%         3
 Lesser Beckoning         Tloc           9%         N/A       26%         3
 Teleport Other           Tloc           19%        N/A       26%         3
 Static Discharge         Conj/Air       6%         N/A       67%         2
 Manifold Assault         Tloc           19%        N/A       93%         5
 Sticky Flame             Conj/Fire      6%         2d3       99%         4
 Dispel Undead            Necr           6%         3d8       100%        4


Dungeon Overview and Level Annotations

Branches:
Dungeon (3/15)              Sewer (1/1)

Altars:
Ashenzari
Trog


Innate Abilities, Weirdness & Mutations

You have very sharp teeth.
Your uncanny sense of smell can sniff out nearby items.
Your experience applies equally to all skills.


Message History

Aim: a water moccasin (moderately wounded, 40% to hit)
You throw a javelin.
The javelin barely misses the water moccasin.
You feel sick.
You hit the water moccasin.
The water moccasin is moderately wounded.
You feel sick. The water moccasin bites you. x2
You are more poisoned.
The water moccasin poisons you!
You barely miss the water moccasin. Your bite misses the water moccasin.
The water moccasin is moderately wounded.
You feel very sick. The water moccasin barely misses you.
You riposte.
You closely miss the water moccasin.
The water moccasin is moderately wounded.
You aren't carrying any items that you can evoke without wielding.
Unknown command.
Okay, then.
You closely miss the water moccasin.
The water moccasin is moderately wounded.
You feel very sick. The water moccasin barely misses you.
You riposte.
You hit the water moccasin but do no damage.
The water moccasin is moderately wounded.
You hit the water moccasin.
The water moccasin is heavily wounded.
You feel very sick. The water moccasin bites you.
* * * LOW HITPOINT WARNING * * *
You closely miss the water moccasin.
The water moccasin is heavily wounded.
* * * LOW HITPOINT WARNING * * *
You feel very sick.
The water moccasin bites you but does no damage.
The water moccasin barely misses you.
You closely miss the water moccasin.
The water moccasin is heavily wounded.
* * * LOW HITPOINT WARNING * * *
You feel sick. The water moccasin bites you!
You die...

####### ##.....##
#$......#
#$$.....###########
#?@S.....(.........
#$$.....####.######
#$......# #.#
##.....## #.#
####### #.# #.# #.#
##.## ##...##


You could see a water moccasin.

Levels and vault maps discovered:
D:1:      dpeg_arrival_tiny_b, layout_basic, hellmonk_ecumenical_altar_lost_god
D:2:      layout_loops_ring, basic_altar
D:3:      layout_basic, cheibrodos_sewer_entry_bend, minmay_checkerbox
Sewer:    sewer_big_baddie

Notes
Turn   | Place    | Note
-------+----------+-------------------------------------------
     0 | D:1      | ABBCCCDDDD the Gnoll Warper began the quest for the Orb.
     0 | D:1      | Reached XP level 1. HP: 20/20 MP: 6/6
    69 | D:1      | Found a faded altar of an unknown god.
   162 | D:1      | Became a worshipper of Ashenzari the Shackled
   284 | D:1      | Reached XP level 2. HP: 26/26 MP: 7/7
   805 | D:2      | Found a bloodstained altar of Trog.
   868 | D:2      | Reached XP level 3. HP: 28/31 MP: 9/9
   876 | D:2      | Reached skill level 5 in Spellcasting
  1094 | D:2      | Reached skill level 1 in Invocations
  1643 | D:2      | Learned a level 2 spell: Blink
  1964 | D:3      | Reached skill level 1 in Short Blades
  1964 | D:3      | Reached skill level 1 in Long Blades
  1964 | D:3      | Reached skill level 1 in Axes
  1964 | D:3      | Reached skill level 1 in Polearms
  1964 | D:3      | Reached skill level 1 in Staves
  1964 | D:3      | Reached skill level 1 in Slings
  1964 | D:3      | Reached skill level 1 in Bows
  1964 | D:3      | Reached skill level 1 in Crossbows
  1964 | D:3      | Reached skill level 1 in Stealth
  1964 | D:3      | Reached skill level 1 in Shields
  1964 | D:3      | Reached skill level 1 in Unarmed Combat
  1964 | D:3      | Reached skill level 1 in Evocations
  1964 | D:3      | Reached XP level 4. HP: 32/38 MP: 11/11
  2195 | D:3      | Identified the +2 broad axe "Arcanum" {freeze, Int+4 Dex+2}
  2210 | D:3      | Reached skill level 1 in Conjurations
  2210 | D:3      | Reached skill level 1 in Hexes
  2210 | D:3      | Reached skill level 1 in Summonings
  2210 | D:3      | Reached skill level 1 in Necromancy
  2210 | D:3      | Reached skill level 1 in Transmutations
  2210 | D:3      | Reached skill level 1 in Fire Magic
  2210 | D:3      | Reached skill level 1 in Ice Magic
  2210 | D:3      | Reached skill level 1 in Air Magic
  2210 | D:3      | Reached skill level 1 in Earth Magic
  2210 | D:3      | Reached skill level 1 in Poison Magic
  2378 | D:3      | Found a glowing drain.
  2406 | Sewer    | Entered a sewer
  2620 | Sewer    | Noticed a water moccasin
  2639 | Sewer    | Slain by a water moccasin

Table legend: (Time is in decaauts)
 A = Elapsed time spent in this place.
 B = Non-inter-level travel time spent in this place.
 C = Inter-level travel time spent in this place.
 D = Time resting spent in this place.
 E = Time spent auto-exploring this place.
 F = Levels seen in this place.
 G = Mean time per level.
                   A        B        C        D        E       F      G
               +--------+--------+--------+--------+--------+-----+--------+
         Total |   2679 |   2552 |    127 |    624 |   1486 |   4 |  669.8 |
       Dungeon |   2443 |   2316 |    127 |    437 |   1471 |   3 |  814.3 |
         Sewer |    236 |    236 |      0 |    187 |     15 |   1 |  236.0 |
               +--------+--------+--------+--------+--------+-----+--------+

Top non-repeatable levels by time:
     D:2: 1165 daAuts
     D:1: 782 daAuts
     D:3: 495 daAuts
   Sewer: 236 daAuts

Table legend:
 A = Kills in this place as a percentage of kills in entire the game.
 B = Kills by you in this place as a percentage of kills by you in the entire game.
 C = Kills by friends in this place as a percentage of kills by friends in the entire game.
 D = Other kills in this place as a percentage of other kills in the entire game.
 E = Experience gained in this place as a percentage of experience gained in the entire game.
 F = Experience gained in this place divided by the number of levels of this place that you have seen.
                   A       B       C       D       E      F
               +-------+-------+-------+-------+-------+----------------------
         Total | 100.0 | 100.0 |   N/A |   N/A | 100.0 |  38.5
       Dungeon |  89.8 |  89.8 |   N/A |   N/A |  96.1 |  49.3
         Sewer |  10.2 |  10.2 |   N/A |   N/A |   3.9 |   6.0
               +-------+-------+-------+-------+-------+----------------------

Action                   |  1- 3 |  4- 6 || total
-------------------------+-------+-------++-------
Melee: Mace              |   115 |     2 ||   117
       Bite              |     5 |     1 ||     6
       Broad axe         |       |    38 ||    38
       Falchion          |       |     6 ||     6
Throw: Javelin           |       |     5 ||     5
Invok: Curse Item        |     1 |       ||     1
  Use: Potion            |       |     2 ||     2
       Scroll            |       |     1 ||     1
Armor: Leather armour    |     7 |       ||     7
       Scale mail        |    53 |    27 ||    80
Dodge: Dodged            |    67 |    25 ||    92
       Repelled          |     1 |       ||     1
       Rpst.: Falchion   |       |     2 ||     2

Vanquished Creatures
  A hound (D:3)
  An adder (D:2)
  A gnoll (D:3)
  2 worms (D:3)
  2 dart slugs
  3 ball pythons
  10 bats
  2 endoplasms
  6 giant cockroaches
  3 goblins
  4 hobgoblins
  4 quokkas
  6 kobolds
  4 rats (D:1)
49 creatures vanquished.
